 Dungeon Crawl Stone Soup version 0.21-a0-508-gf08a75f26b (webtiles) character file.

28 Kaname the Magician (level 3, 24/24 HPs)
             Began as a Demonspawn Wizard on Nov 28, 2017.
             Quit the game on level 2 of the Dungeon.
             The game lasted 00:02:08 (1176 turns).

Kaname the Magician (Demonspawn Wizard)             Turns: 1176, Time: 00:02:09

Health: 24/24      AC:  4    Str:  7    XL:     3   Next: 0%
Magic:  14/16      EV: 12    Int: 20    God:
Gold:   39         SH:  0    Dex: 11    Spells: 5/8 levels left

rFire    . . .     SeeInvis .   p - +0 mace
rCold    . . .     Gourm    .   (no shield)
rNeg     . . .     Faith    .   a - +0 robe
rPois    .         Spirit   .   b - +0 hat
rElec    .         Reflect  .   (no cloak)
rCorr    .         Harm     .   (no gloves)
MR       .....     Rnd*Tele +   (no boots)
Stlth    +++.......             (no amulet)
HPRegen  0.08/turn              f - ring of magical power
MPRegen  0.15/turn              h - ring of teleportation (curse)

@: no status effects
A: molten scales 1, nightstalker 1
a: no special abilities


You were on level 2 of the Dungeon.
You were hungry.

You visited 1 branch of the dungeon, and saw 2 of its levels.

You collected 39 gold pieces.

Inventory:

Hand Weapons
 p - a +0 mace (weapon)
Armour
 a - a +0 robe (worn)
 b - a +0 hat (worn)
Jewellery
 f - a ring of magical power (left hand)
 h - a cursed ring of teleportation (right hand)
Scrolls
 e - a scroll of random uselessness {unknown}
 i - a scroll of teleportation {unknown}
 j - a scroll of amnesia {unknown}
 l - a scroll of identify {unknown}
 q - a scroll of magic mapping {unknown}
Potions
 g - a potion of might {unknown}
 m - a potion of brilliance {unknown}
 o - a potion of heal wounds {unknown}
Books
 c - a book of Minor Magic

   Spells                             Type                      Level
   a - Magic Dart                     Conjuration                  1
   b - Blink                          Translocation                2
   c - Call Imp                       Summoning                    2
   d - Slow                           Hexes                        2
   e - Conjure Flame                  Conjuration/Fire             3
   f - Mephitic Cloud                 Conjuration/Poison/Air       3
Comestibles
 d - 2 bread rations
 k - a meat ration
 n - a royal jelly


   Skills:
 - Level 1.7 Dodging
 - Level 1.7 Stealth
 - Level 3.0 Spellcasting
 - Level 3.0 Conjurations
   Level 1.0 Summonings
 + Level 0.9 Translocations


You had 5 spell levels left.
You knew the following spells:

 Your Spells              Type           Power        Failure   Level  Hunger
a - Magic Dart            Conj           ###.         4%          1    None
b - Blink                 Tloc           N/A          14%         2    ##.....


Dungeon Overview and Level Annotations

Branches:
Dungeon (2/15)

Altars:


Innate Abilities, Weirdness & Mutations

You are partially covered in molten scales. (AC +2)
You are slightly more attuned to the shadows.


Message History

A frilled lizard comes into view.
A frilled lizard is nearby!
A frilled lizard is nearby!
Casting: Magic Dart
Confirm with . or Enter, or press ? or * to list all spells.
Aiming: Magic Dart
Press: ? - help, Shift-Dir - straight line, f - frilled lizard
Aim: a frilled lizard (resting)
The magic dart hits the frilled lizard.
You kill the frilled lizard!
You have reached level 3!
Your experience leads to an increase in your attributes!
Increase (S)trength, (I)ntelligence, or (D)exterity?
You feel clever.
Your demonic ancestry asserts itself...
Molten scales grow over part of your body.
Are you sure you want to abandon this character and quit the game? (Confirm with "yes".)
Okay, then.
Unknown command.
Unknown command.
Are you sure you want to abandon this character and quit the game? (Confirm with "yes".)

### #.# ### #.# #.#
# #.# .. #.# ...
###.#####
....###..†....##
......#.#......#####
......@...#........#
......#...#.#..###.#
....###........# #.#
... #.....##.#
#.#### .. ##...###.#
#....# # ##......#
####.# #.###### #.#
#.# #.# ##'## #.#


There were no monsters in sight!

Vanquished Creatures
  A leopard gecko (D:1)
  2 giant cockroaches (D:2)
  5 goblins
  2 hobgoblins
  2 jackals (D:1)
  4 kobolds
  4 bats
  2 frilled lizards
  A rat (D:1)
23 creatures vanquished.

Notes
Turn   | Place    | Note
-------+----------+-------------------------------------------
     0 | D:1      | Kaname the Demonspawn Wizard began the quest for the Orb.
     0 | D:1      | Reached XP level 1. HP: 13/13 MP: 4/4
   280 | D:1      | Gained mutation: You are slightly more attuned to the shadows. [demonic ancestry]
   280 | D:1      | Reached XP level 2. HP: 19/19 MP: 6/6
   415 | D:1      | Learned a level 2 spell: Blink
  1175 | D:2      | Gained mutation: You are partially covered in molten scales. (AC +2) [demonic ancestry]
  1175 | D:2      | Reached XP level 3. HP: 24/24 MP: 7/7
  1176 | D:2      | Quit the game

Vault maps used:
D:1:      nzn_arrival_crosshair
D:2:      makhleb_heckhound_becter

Skill      XL: |  1  2 |
---------------+-------+-----
Conjurations   | 2 3 |  3.0
Dodging        | |  1.7
Stealth        | |  1.7
Spellcasting   | |  3.0
Summonings     | |  1.0
Translocations | |  0.9

Action                   || total
-------------------------++-------
 Cast: Magic Dart        ||    52
Armor: Robe              ||     1
Dodge: Dodged            ||     6

Table legend:
 A = Spawn XP
 B = Non-spawn XP
 C = Spawn XP percentage of total XP
 D = Spawn monster count
 E = Non-spawn monster count
 F = Spawn count percentage of total count
 G = Total turns spent on level
                    A         B        C        D         E        F      G
               +---------+---------+-------+---------+---------+-------+---------
         Total |       0 |      41 |   0.0 |       0 |      23 |   0.0 |  1176
               +---------+---------+-------+---------+---------+-------+---------
           D:1 |       0 |      30 |   0.0 |       0 |      16 |   0.0 |   999
           D:2 |       0 |      11 |   0.0 |       0 |       7 |   0.0 |   177
               +---------+---------+-------+---------+---------+-------+---------
